 Dungeon Crawl Stone Soup version 0.31.0-1-g2c135a008e (webtiles) character file.

Game seed: 8092273600491671060

998 qw the Shooter (level 8, -3/58 HPs)
             Began as a Djinni Hunter on Jan 24, 2024.
             Slain by a wight
             ... wielding a +3 great sword
              (8 damage)
             ... on level 6 of the Dungeon.
             The game lasted 00:00:20 (3964 turns).

qw the Shooter (Djinni Hunter)                      Turns: 3964, Time: 00:00:20

Health: -3/58      AC:  7    Str: 10    XL:     8   Next: 43%
Gold:   288        EV: 16    Int: 11    God:
                   SH:  0    Dex: 25

rFire   + + +        a - +0 shortbow (freeze)
rCold   x . .        (shield currently unavailable)
rNeg    . . .        b - +1 leather armour {rF+}
rPois   inf          e - +2 helmet
rElec   +            (no cloak)
rCorr   .            (no gloves)
SInv    +            (boots unavailable)
Will    .....        i - amulet of faith
Stlth   ++           h - +6 ring of dexterity
HPRegen 0.29/turn    l - ring of see invisible
MPRegen 0.00/turn

%: faith, infuse magic (-4 HP)
@: flying
A: sickness immunity, fire resistance 2, cold vulnerability 1, float, innate
caster, HP casting, extra vitality 1, electricity resistance
a: no special abilities


You were on level 6 of the Dungeon.
You visited 1 branch of the dungeon, and saw 6 of its levels.

You collected 288 gold pieces.


Innate Abilities, Weirdness & Mutations

You are immune to sickness and miasma.
You are immune to poison.
Your flesh is very heat resistant. (rF++)
You are vulnerable to cold. (rC-)
You float through the air rather than walking.
You learn spells naturally, not from books.
Your magical power is your life essence.
You have superior vitality. (+4 MHP)
You are resistant to electric shocks. (rElec)


   Skills:
 - Level 4.4 Fighting
 + Level 6.3 Ranged Weapons
 - Level 1.8 Armour
 - Level 5.5 Dodging
 - Level 0.7 Stealth


You knew the following spells:

 Your Spells              Type           Power      Damage    Failure   Level
a - Slow                  Hex            0%         N/A       43%         1
b - Scorch                Fire           0%         2d5       56%         2
c - Tukima's Dance        Hex            0%         N/A       80%         3
Your spell library was empty.

Inventory:

Hand Weapons
 a - a +0 shortbow of freezing (weapon)
Armour
 b - a +1 leather armour of fire resistance (worn)
 e - a +2 helmet (worn)
Jewellery
 c - a +4 ring of protection
 h - a +6 ring of dexterity (left hand)
 i - an amulet of faith (around neck)
 l - a ring of see invisible (right hand)
Scrolls
 f - a scroll of enchant armour
 k - 3 scrolls of identify
Potions
 d - a potion of might
 g - 2 potions of haste
 j - a potion of curing

Dungeon Overview and Level Annotations

Branches:
Dungeon (6/15)
 Temple: D:4-7

Altars:
Ashenzari
Elyvilon
Ru


Message History

The arrow barely misses the wight.
The wight closely misses you.
You shoot an arrow. The arrow hits the wight!
The wight is severely damaged.
The wight barely misses you. The wight misses you.
You shoot an arrow. The arrow hits the wight!
You destroy the wight!
The wight misses you.
You shoot an arrow.
The arrow hits the wight but does no damage.
The wight completely misses you.
The wight hits you with a +3 great sword!
You shoot an arrow. The arrow hits the wight.
The wight is moderately damaged.
The wight closely misses you. x2
You shoot an arrow. The arrow barely misses the wight.
The wight hits you with a +3 short sword!
The wight barely misses you.
The wight hits you with a +3 great sword!
The wight completely misses you.
You shoot an arrow. The arrow completely misses the wight.
The wight hits you with a +3 great sword!
The wight hits you but does no damage.
You shoot an arrow. The arrow hits the wight.
The wight is heavily damaged.
The wight closely misses you. x2
You shoot an arrow.
The arrow hits the wight but does no damage.
The wight is heavily damaged.
The wight hits you with a +3 short sword.
The wight completely misses you.
You shoot an arrow.
The arrow hits the wight but does no damage.
The wight is heavily damaged.
The wight hits you with a +3 great sword.
The wight hits you with a +3 short sword!
You shoot an arrow. The arrow hits the wight!
The wight is almost destroyed.
The wight hits you with a +3 great sword!
You die...

.. .... .
...#
.##...#
##.....
.....#
.z..###
#zz...#
##@##..#
##......##
#..........
##<).......
###.....<#
.###### ##


You could see 3 wights.

Vanquished Creatures
  A water moccasin (D:5)
  A sky beast (D:5)
  A centaur (D:6)
  A phantom (D:5)
  A scorpion (D:4)
  A wight (D:6)
  A howler monkey (D:4)
  A jelly (D:5)
  3 hounds (D:5)
  An orc priest (D:3)
  Jessica (D:3)
  4 orc wizards
  6 gnolls
  5 adders
  A shadow imp (D:5)
  3 dart slugs
  A ribbon worm (D:2)
  19 orcs
  10 endoplasms
  2 giant cockroaches (D:1)
  12 goblins
  5 hobgoblins
  3 quokkas
  6 ball pythons
  8 bats
  4 frilled lizards
  4 kobolds
  4 rats
110 creatures vanquished.

Notes
Turn   | Place    | Note
-------+----------+-------------------------------------------
     0 | D:1      | qw the Djinni Hunter began the quest for the Orb.
     0 | D:1      | Reached XP level 1. HP: 18/18 MP: 0/0
     0 | D:1      | 0 ||| qw: Version: 0.3-a-136-gdd3b4e8
     0 | D:1      | 0 ||| qw: Game counter: 1319
     0 | D:1      | 0 ||| qw: Melee chars always use a shield: true
     0 | D:1      | 0 ||| qw: God list: Okawaru
     0 | D:1      | 0 ||| qw: Allow faded altars: false
     0 | D:1      | 0 ||| qw: Do Orc after clearing Dungeon:15 true
     0 | D:1      | 0 ||| qw: Do second Lair branch before Depths: true
     0 | D:1      | 0 ||| qw: Lair rune preference: random
     0 | D:1      | 0 ||| qw: Goals: Normal
     0 | D:1      | 0 ||| PLANNING D:1-11
   121 | D:1      | Reached XP level 2. HP: 23/23 MP: 0/0
   406 | D:1      | Reached XP level 3. HP: 27/28 MP: 0/0
   406 | D:1      | Learned a level 1 spell: Slow
   407 | D:1      | Reached skill level 4 in Ranged Weapons
   685 | D:1      | 685 ||| UPGRADING to amulet of faith.
   690 | D:1      | 690 ||| READING 3 scrolls labelled TUULAXZ TUNA.
   690 | D:1      | 690 ||| IDENTIFYING bubbling clear potion
   691 | D:1      | 691 ||| READING 2 scrolls of identify.
   691 | D:1      | 691 ||| IDENTIFYING fizzy coppery potion
   692 | D:1      | 692 ||| READING scroll of identify.
   692 | D:1      | 692 ||| IDENTIFYING scroll labelled NOUD OMOBLOENOHAOM
   693 | D:1      | 693 ||| READING scroll labelled CIBAKOGUSON.
   694 | D:1      | 694 ||| READING scroll labelled PEDWUJ RAISMOCK.
   695 | D:1      | 695 ||| DROPPING scroll of butterflies.
   944 | D:2      | Reached skill level 3 in Fighting
   944 | D:2      | Reached XP level 4. HP: 19/35 MP: 0/0
  1295 | D:2      | 1295 ||| UPGRADING to ring of willpower.
  1296 | D:2      | 1296 ||| READING scroll of identify.
  1296 | D:2      | 1296 ||| IDENTIFYING blue potion
  1297 | D:2      | 1297 ||| READING scroll labelled WYOGOKK HYREPN.
  1297 | D:2      | 1297 ||| BRANDING +0 shortbow.
  1298 | D:2      | 1298 ||| DROPPING potion of invisibility.
  1333 | D:3      | Found a white marble altar of Elyvilon.
  1335 | D:3      | 1335 ||| STAIRDANCE
  1348 | D:3      | 1348 ||| STAIRDANCE
  1352 | D:2      | Reached skill level 3 in Dodging
  1361 | D:3      | 1361 ||| STAIRDANCE
  1375 | D:3      | 1375 ||| STAIRDANCE
  1379 | D:2      | HP: 8/35 [orc/+0 hand axe (5)]
  1380 | D:2      | 1380 ||| DRINKING potion of heal wounds.
  1389 | D:3      | 1389 ||| STAIRDANCE
  1399 | D:3      | 1399 ||| STAIRDANCE
  1409 | D:3      | Reached XP level 5. HP: 36/40 MP: 0/0
  1409 | D:3      | Learned a level 2 spell: Scorch
  1612 | D:3      | Identified the orb "Funuguic" {*channel, Str+2}
  1626 | D:3      | Noticed Jessica
  1630 | D:3      | Killed Jessica
  1691 | D:3      | Reached XP level 6. HP: 30/46 MP: 0/0
  1692 | D:3      | Reached skill level 5 in Ranged Weapons
  1907 | D:3      | 1907 ||| UPGRADING to +1 leather armour of fire resistance.
  1917 | D:3      | 1917 ||| DROPPING +0 leather armour.
  1918 | D:3      | 1918 ||| UPGRADING to ring of see invisible.
  1919 | D:3      | 1919 ||| READING 4 scrolls of identify.
  1919 | D:3      | 1919 ||| IDENTIFYING pink potion
  1920 | D:3      | 1920 ||| READING 3 scrolls of identify.
  1920 | D:3      | 1920 ||| IDENTIFYING scroll labelled OLELENK SAITS
  1921 | D:3      | 1921 ||| READING 2 scrolls of identify.
  1921 | D:3      | 1921 ||| IDENTIFYING scroll labelled VUOSOKK XITES
  1922 | D:3      | 1922 ||| READING scroll of identify.
  1922 | D:3      | 1922 ||| IDENTIFYING scroll labelled MER CI OGAYG
  1923 | D:3      | 1923 ||| DROPPING scroll of noise.
  1924 | D:3      | 1924 ||| DROPPING scroll of immolation.
  1925 | D:3      | 1925 ||| DROPPING scroll of amnesia.
  2181 | D:4      | Found a sacrificial altar of Ru.
  2324 | D:4      | 2324 ||| READING scroll of brand weapon.
  2324 | D:4      | 2324 ||| BRANDING +0 shortbow of draining.
  2807 | D:4      | Reached XP level 7. HP: 29/53 MP: 0/0
  2807 | D:4      | Learned a level 3 spell: Tukima's Dance
  3035 | D:4      | 3035 ||| UPGRADING to +6 ring of dexterity.
  3037 | D:4      | 3037 ||| READING scroll of identify.
  3037 | D:4      | 3037 ||| IDENTIFYING 2 glowing amethyst potions
  3038 | D:4      | 3038 ||| DRINKING 2 potions of mutation.
  3038 | D:4      | Gained mutation: You are strong-willed. (Will+) [potion of
                  | mutation]
  3038 | D:4      | Gained mutation: You are agile. (Dex +4, Str/Int -1)
                  | [potion of mutation]
  3039 | D:4      | 3039 ||| DRINKING potion of mutation.
  3039 | D:4      | Lost mutation: You are strong-willed. (Will+) [potion of
                  | mutation]
  3039 | D:4      | Lost mutation: You are agile. (Dex +4, Str/Int -1) [potion
                  | of mutation]
  3039 | D:4      | Gained mutation: You are resistant to electric shocks.
                  | (rElec) [potion of mutation]
  3040 | D:4      | 3040 ||| READING scroll labelled CUODIG TIRASI.
  3041 | D:4      | 3041 ||| DRINKING 3 red potions.
  3064 | D:5      | Entered Level 5 of the Dungeon
  3420 | D:5      | Noticed a water moccasin
  3426 | D:5      | Killed a water moccasin
  3491 | D:5      | Reached XP level 8. HP: 55/58 MP: 0/0
  3686 | D:5      | Found a broken altar of Ashenzari.
  3775 | D:5      | 3775 ||| DRINKING 2 potions of curing.
  3775 | D:5      | 3775 ||| (to cure confusion)
  3777 | D:5      | Reached skill level 6 in Ranged Weapons
  3882 | D:5      | 3882 ||| UPGRADING to +0 helmet.
  3887 | D:5      | 3887 ||| READING 3 scrolls of enchant armour.
  3887 | D:5      | 3887 ||| ENCHANTING +0 helmet.
  3888 | D:5      | 3888 ||| READING 2 scrolls of enchant armour.
  3888 | D:5      | 3888 ||| ENCHANTING +1 helmet.
  3889 | D:5      | 3889 ||| DROPPING ring of willpower.
  3916 | D:6      | 3916 ||| STAIRDANCE
  3946 | D:6      | Reached skill level 1 in Armour
  3953 | D:6      | 3953 ||| RETREEEEATING.
  3963 | D:6      | HP: 13/58 [wight/+3 great sword (4)]
  3963 | D:6      | HP: 5/58 [wight/+3 short sword (8)]
  3964 | D:6      | Slain by a wight

Levels and vault maps discovered:
D:1:      roderic_octagonal_star, layout_basic
D:2:      minmay_chambers_of_twos, layout_rooms, amcnicky_mini_corridor_feature,
          minmay_tetromino_i2
D:3:      layout_rooms, mainiacjoe_overflow_tiny_flanked,
          mainiacjoe_overflow_brackets, minmay_misc_feat_chi, uniq_jessica
D:4:      minmay_inner_zag, layout_loops_corners, nicolae_ru_awakened_eye
D:5:      layout_gridville, mainiacjoe_overflow_six_doors_small,
          mainiacjoe_overflow_catwalk, lemuel_coloured_pillars_altar
D:6:      layout_cave_pools, lemuel_doored_altar,
          mainiacjoe_overflow_surrounded_room,
          nicolae_dithmenos_through_a_glass_darkly, serial_shops, shop,
          uniq_sigmund

Skill      XL: |  1  2  3  4  5  6  7  8 |
---------------+-------------------------+-----
Ranged Weapons | 4 5 6 |  6.3
Fighting       | 3 4 |  4.4
Dodging        | 3 5 |  5.5
Armour         | 1 |  1.8
Stealth        | |  0.7

Action                     |  1- 3 |  4- 6 |  7- 9 || total
---------------------------+-------+-------+-------++-------
   Fire: Shortbow          |    69 |   165 |   138 ||   372
    Use: Scroll            |     5 |     7 |     4 ||    16
         Potion            |       |     1 |     4 ||     5
 Armour: Leather armour    |     6 |    75 |    58 ||   139
  Dodge: Dodged            |     2 |    73 |    77 ||   152

Table legend:
 A = Non-vault XP
 B = Vault XP
 C = Vault XP percentage of total XP
 D = Non-vault monster count
 E = Vault monster count
 F = Vault count percentage of total count
                 A         B        C        D         E       F
            +---------+---------+-------+---------+---------+-------
      Total |    1367 |      60 |   4.2 |      96 |      14 |  12.7
            +---------+---------+-------+---------+---------+-------
        D:1 |      37 |       0 |   0.0 |      20 |       0 |   0.0
        D:2 |      86 |      15 |  14.9 |      22 |       9 |  29.0
        D:3 |     123 |      37 |  23.1 |      17 |       1 |   5.6
        D:4 |     217 |       8 |   3.6 |      13 |       4 |  23.5
        D:5 |     724 |       0 |   0.0 |      22 |       0 |   0.0
        D:6 |     180 |       0 |   0.0 |       2 |       0 |   0.0
            +---------+---------+-------+---------+---------+-------
